Map: Blackrock LE

Players

Serral - Winner!

  • Race: Zerg Zerg
  • League: Master
  • Spawn Location: 7:00

Geralt (Gerald)

  • Race: Protoss Protoss
  • League: Grandmaster
  • Spawn Location: 1:00

Event: HomeStory Cup XXIX

VOD

Have the link to the VOD?

Description

Time

  • Played on: July 4, 2026, 8:58 a.m.
  • Length: 10:07

All games in this series

Show
View Real Time Build Order
Export as new Build Order

Serral Zerg - Winner!

Build Orders: Hatch First 

Get SALT Encoding   

  8  0:00  Drone  
  9  0:10  Drone  
  10  0:16  Drone  
  11  0:26  Overlord  
  11  0:32  Drone  
  12  0:45  Drone x2  
  14  0:50  Drone  
  15  1:07  Drone  
  16  1:14  Hatchery  
  16  1:17  Drone  
  16  1:22  Drone  
  17  1:29  Drone  
  18  1:35  Extractor  
  17  1:42  Spawning Pool  
  17  1:43  Drone  
  17  1:49  Drone  
  18  1:59  Drone  
  19  2:12  Overlord  
  19  2:22  Drone  
  20  2:30  Queen  
  20  2:31  Queen  
  20  2:34  Zergling x2  
  25  2:37  Drone  
  25  2:38  Drone  
  25  2:39  Metabolic Boost  
  25  2:44  Zergling x2  
  28  2:48  Drone  
  29  2:52  Drone  
  30  2:59  Overlord  
  30  3:00  Drone  
  31  3:12  Hatchery  
  30  3:18  Queen  
  32  3:22  Zergling x2  
  32  3:25  Zergling x2  
  34  3:30  Zergling x2  
  34  3:31  Overlord  
  34  3:33  Zergling x2  
  36  3:42  Drone x4  
  40  3:49  Drone  
  40  3:52  Overlord  
  40  3:53  Drone  
  40  3:54  Drone  
  43  3:59  Drone  
  43  4:02  Spore Crawler  
  43  4:04  Drone  
  44  4:12  Queen  
  44  4:14  Drone  
  44  4:15  Drone x4  
  51  4:20  Drone x3  
  54  4:26  Overlord  
  54  4:28  Overlord  
  54  4:30  Drone  
  55  4:32  Drone  
  55  4:35  Drone  
  55  4:36  Drone  
  58  4:39  Spore Crawler  
  58  4:43  Queen  
  59  4:48  Drone, Evolution Chamber  
  59  4:51  Drone x2  
  61  4:55  Drone x2  
  63  5:00  Drone x2  
  63  5:01  Drone x2  
  67  5:07  Extractor  
  67  5:08  Drone x2, Baneling Nest  
  67  5:11  Drone x2  
  67  5:12  Spore Crawler  
  67  5:15  Overlord  
  67  5:17  Zerg Melee Weapons Level 1  
  68  5:24  Overlord  
  68  5:25  Overlord  
  68  5:26  Overlord  
  68  5:33  Drone  
  68  5:34  Drone  
  70  5:35  Drone  
  70  5:37  Drone x2  
  70  5:38  Hatchery  
  70  5:39  Spore Crawler  
  70  5:40  Drone  
  70  5:41  Drone  
  73  5:44  Drone x2  
  73  5:48  Lair  
  75  5:51  Drone x3  
  75  5:54  Overlord  
  75  5:55  Drone  
  75  5:56  Drone  
  80  5:59  Drone x3  
  80  6:03  Extractor  
  81  6:04  Extractor  
  81  6:05  Extractor, Queen  
  81  6:06  Zergling x4  
  81  6:08  Drone  
  81  6:09  Drone  
  85  6:12  Drone x2  
  85  6:14  Overlord  
  85  6:17  Drone  
  88  6:25  Zergling x8  
  92  6:30  Zergling x8  
  96  6:33  Baneling x5  
  96  6:36  Hatchery  
  96  6:38  Overlord  
  95  6:41  Zergling x12  
  95  6:43  Baneling x3  
  101  6:47  Hydralisk Den  
  100  6:55  Zergling x14  
  100  6:59  Overlord  
  100  7:01  Baneling x4  
  107  7:09  Drone x2  
  107  7:10  Drone x7  
  107  7:13  Zerg Missile Weapons Level 1, Overlord  
  116  7:16  Overlord  
  116  7:19  Muscular Augments  
  116  7:21  Centrifugal Hooks  
  116  7:22  Zergling x6  
  119  7:29  Zergling x10  
  124  7:37  Overlord  
  124  7:42  Zergling x24  
  135  7:46  Zergling x2  
  135  7:48  Zergling x4  
  130  7:54  Queen, Overlord  
  130  7:56  Zergling x2  
  130  7:57  Zergling x2  
  132  7:59  Zergling x2  
  132  8:00  Zergling x2  
  119  8:05  Hydralisk x9  
  119  8:11  Hydralisk x3  
  119  8:12  Hydralisk  
  132  8:20  Hydralisk x5  
  132  8:23  Grooved Spines  
  132  8:24  Zergling x8  
  145  8:28  Zergling x2  
  145  8:29  Zergling x2  
  145  8:32  Overlord  
  145  8:34  Zergling x14  
  151  8:37  Zergling x8  
  147  8:43  Zergling x12  
  147  8:47  Zergling x6  
  152  8:48  Zergling x2  
  152  8:53  Hydralisk  
  152  8:54  Hydralisk  
  153  8:59  Zergling x6  
  153  9:02  Zergling x12  
  159  9:07  Zergling x8  
  161  9:10  Zergling x2  
  161  9:11  Zergling x4  
  161  9:14  Baneling x19  
  164  9:18  Zergling x2  
  164  9:19  Zergling x8  
  164  9:23  Baneling x4  
  168  9:26  Zergling x6  
  168  9:27  Zergling x2  
  168  9:28  Zergling x6  
  174  9:33  Baneling x8  
  174  9:35  Zergling x8  
  174  9:38  Zergling x4  
  180  9:45  Zergling x6  
  171  10:06  Infestation Pit  
Show
View Real Time Build Order
Export as new Build Order

Geralt Protoss 

Build Orders: Oracle Opening 

Get SALT Encoding   

  8  0:01  Probe  
  9  0:13  Probe  
  10  0:26  Probe  
  11  0:33  Pylon  
  11  0:38  Probe (Chrono Boost)  
  13  0:50  Probe (Chrono Boost)  
  13  0:55  Probe (Chrono Boost)  
  14  1:04  Gateway  
  14  1:05  Probe  
  14  1:09  Assimilator  
  15  1:17  Probe (Chrono Boost)  
  16  1:27  Probe (Chrono Boost)  
  16  1:32  Probe (Chrono Boost)  
  18  1:44  Probe  
  19  1:52  Nexus  
  19  1:56  Probe  
  20  2:06  Cybernetics Core  
  20  2:14  Pylon  
  20  2:16  Probe  
  20  2:21  Assimilator  
  21  2:32  Probe  
  22  2:40  Adept (Chrono Boost)  
  24  2:45  Probe  
  25  2:57  Probe  
  26  3:01  Stargate  
  26  3:03  Adept (Chrono Boost)  
  26  3:09  Probe  
  29  3:13  Probe  
  29  3:14  Warp Gate  
  30  3:21  Probe  
  30  3:25  Probe  
  32  3:30  Stalker  
  32  3:33  Probe  
  35  3:38  Probe  
  36  3:44  Pylon  
  36  3:45  Probe  
  36  3:47  Oracle (Chrono Boost)  
  37  3:50  Probe  
  41  3:57  Probe  
  41  4:02  Probe  
  43  4:09  Nexus, Probe  
  44  4:14  Probe  
  45  4:17  Twilight Council  
  45  4:22  Probe  
  46  4:26  Probe  
  47  4:34  Probe  
  47  4:35  Pylon, Shield Battery  
  47  4:38  Probe  
  49  4:46  Probe  
  49  4:48  Assimilator  
  49  4:49  Gateway  
  49  4:50  Oracle (Chrono Boost)  
  50  4:53  Probe  
  50  4:55  Gateway  
  50  4:58  Probe  
  50  4:59  Gateway  
  55  5:01  Resonating Glaives (Chrono Boost)  
  55  5:02  Pylon  
  55  5:05  Probe  
  56  5:10  Probe  
  57  5:17  Probe  
  58  5:22  Probe  
  58  5:27  Adept  
  58  5:28  Probe  
  62  5:29  Probe  
  62  5:34  Probe  
  64  5:37  Forge  
  64  5:40  Probe  
  64  5:41  Probe  
  66  5:46  Probe  
  66  5:47  Pylon  
  67  5:51  Adept  
  67  5:52  Probe  
  67  5:53  Probe  
  67  5:55  Pylon  
  71  5:58  Probe  
  71  6:04  Adept x3, Probe  
  78  6:05  Probe  
  78  6:07  Pylon  
  78  6:10  Probe  
  81  6:16  Probe  
  81  6:17  Probe, Adept  
  85  6:23  Probe  
  85  6:24  Blink (Chrono Boost)  
  86  6:27  Shield Battery, Adept x3  
  86  6:29  Assimilator  
  86  6:31  Gateway  
  86  6:32  Protoss Ground Weapons Level 1 (Chrono Boost)  
  94  6:33  Gateway  
  94  6:39  Gateway  
  92  6:43  Gateway  
  92  6:50  Probe  
  92  6:53  Stalker  
  92  6:54  Stalker x3  
  101  6:59  Probe  
  102  7:04  Pylon  
  102  7:05  Pylon  
  102  7:07  Pylon  
  102  7:08  Pylon  
  102  7:14  Gateway  
  102  7:15  Pylon  
  102  7:22  Stalker x4  
  110  7:43  Nexus  
  110  7:44  Pylon  
  98  7:53  Stalker x6  
  98  7:55  Probe  
  111  8:04  Probe  
  104  8:06  Probe, Pylon  
  104  8:07  Probe  
  88  8:16  Probe  
  88  8:17  Gateway  
  88  8:18  Probe  
  88  8:19  Stalker x4  
  98  8:20  Stalker x2  
  98  8:21  Gateway  
  98  8:25  Charge  
  102  8:33  Probe  
  103  8:36  Probe  
  103  8:38  Probe  
  103  8:42  Stalker x5  
  105  8:49  Stalker  
  105  8:52  Probe  
  105  8:55  Zealot x3  
  102  9:03  Probe  
  102  9:05  Probe  
  102  9:07  Photon Cannon, Shield Battery  
  102  9:09  Probe  
  105  9:11  Assimilator  
  105  9:13  Stalker x4  
  105  9:15  Photon Cannon  
  113  9:21  Stalker x2  
  117  9:30  Assimilator, Probe x2  
  119  9:35  Assimilator, Stalker x3  
  119  9:36  Stalker, Zealot x3  
  133  9:47  Probe  
  133  9:48  Pylon  
  133  9:50  Assimilator  
  126  9:57  Zealot x2  
Tags
 
Add a new tag
Caveats
  • Supply blocks, unpowered buildings, or Contaminate may cause inaccurate times.
  • Supply counts are checked every 10 seconds.